 Dungeon Crawl Stone Soup version 0.23-a0-241-g3b46b07 (webtiles) character file.

3800 Amnesiac the Jinx (level 9, -8/45 HPs)
             Began as a Spriggan Enchanter on Sept 27, 2018.
             Was an Initiate of Gozag.
             Killed from afar by a dream sheep (48 damage)
             ... with an exploding inner flame
             ... on level 3 of the Dungeon.
             The game lasted 00:16:54 (7230 turns).

Amnesiac the Jinx (Spriggan Enchanter)              Turns: 7230, Time: 00:16:54

Health: -8/45      AC:  4    Str:  4    XL:     9   Next: 96%
Magic:  22/22      EV: 23    Int: 19    God:    Gozag
Gold:   450        SH:  0    Dex: 17    Spells: 13/24 levels left

rFire    . . .     SeeInvis +   a - +2 dagger (venom)
rCold    . . .     Gourm    .   (shield restricted)
rNeg     . . .     Faith    .   p - +2 robe
rPois    .         Spirit   .   (helmet restricted)
rElec    .         Reflect  .   (no cloak)
rCorr    .         Harm     .   (gloves unavailable)
MR       +....                  (boots unavailable)
Stlth    ++++......             (no amulet)
HPRegen  0.15/turn              v - ring of wizardry
MPRegen  0.18/turn              (no ring)

@: gold aura, very quick
A: very small, unfitting armour, see invisible, herbivore, speed 3, slow
metabolism 2
a: Potion Petition, Call Merchant, Bribe Branch, Renounce Religion


You were on level 3 of the Dungeon.
You worshipped Gozag.
Gozag was aware of your devotion.
You were not hungry.

You visited 2 branches of the dungeon, and saw 9 of its levels.

You collected 606 gold pieces.
You paid 156 gold pieces to Gozag.

Inventory:

Hand Weapons
 a - a +2 dagger of venom (weapon)
 u - a +1 short sword of draining
Armour
 p - a +2 robe (worn)
Jewellery
 f - an uncursed ring of fire
 v - a ring of wizardry (left hand)
Wands
 m - a wand of random effects (46)
Scrolls
 c - 7 scrolls of remove curse {!r}
 e - 3 scrolls of magic mapping {!r}
 g - a scroll of enchant armour {!r, unknown}
 i - a scroll of teleportation {!r, unknown}
 l - a scroll of immolation {!r, unknown}
 r - a scroll of noise {!r, unknown}
 s - 2 scrolls of random uselessness {!r, unknown}
 w - 3 scrolls of identify {!r}
Potions
 b - a potion of lignification {!q, unknown}
 h - a potion of brilliance {!q}
 j - a potion of mutation {!q}
 k - a potion of haste {!q}
 n - a potion of berserk rage {!q, unknown}
 o - 2 potions of heal wounds {!q}
 q - 2 potions of might {!q}
 t - a potion of agility {!q}
 x - a potion of resistance {!q, unknown}
 z - a potion of curing {!q, unknown}
 A - a potion of flight {!q, unknown}
Comestibles
 d - 14 rations


   Skills:
 + Level 3.6 Fighting
 * Level 8.3 Short Blades
 - Level 8.0 Dodging
 + Level 8.3 Stealth
 - Level 8.0 Spellcasting
 - Level 8.3 Hexes


You had 13 spell levels left.
You knew the following spells:

 Your Spells              Type           Power        Failure   Level  Hunger
a - Ensorcelled Hibernat  Hex/Ice        ###...       1%          2    None
d - Dazzling Spray        Conj/Hex       ###...       1%          3    None
e - Confuse               Hex            #####...     1%          3    None
w - Tukima's Dance        Hex            #####...     1%          3    None

Your spell library contained the following spells:

 Spells                   Type           Power        Failure   Level  Hunger
 Corona                   Hex            #####..      1%          1    None
 Beastly Appendage        Tmut           #.....       3%          1    None
 Sticks to Snakes         Tmut           #.......     6%          2    None
 Spider Form              Tmut/Pois      #.........   11%         3    None
 Ice Form                 Ice/Tmut       #.......     32%         4    ###....
 Blade Hands              Tmut           #.........   65%         5    #####..


Dungeon Overview and Level Annotations

Branches:
Dungeon (8/15)             Temple (1/1) D:7
   Lair: D:8-11

Altars:
Ashenzari
Cheibriados
Elyvilon
Fedhas
Gozag
Hepliaklqana
Kikubaaqudgha
Makhleb
Nemelex Xobeh
Okawaru
Qazlal
Ru
Sif Muna
Trog
Uskayaw
Vehumet
Wu Jian
Xom
Yredelemnul
Zin
The Shining One

Shops:
D:4 :

Annotations:
D:3 1 transporter, iamserjio's ghost, weakling DrWn


Innate Abilities, Weirdness & Mutations

You are very small and have problems with some larger weapons.
You are too small for most types of armour.
You have supernaturally acute eyesight. (SInv)
You are a herbivore.
You cover ground extremely quickly.
You need to consume almost no food.


Message History

You hit the kobold.
You kill the kobold!
You now have 423 gold pieces (gained 4).
You see here a whip.
You now have 443 gold pieces (gained 20).
A - a yellow potion {!q} You see here a spear.
No target in view!
A hobgoblin comes into view.
A hobgoblin is nearby!
A hobgoblin is nearby!
A hobgoblin is nearby!
A hobgoblin is nearby!
The hobgoblin shouts!
A hobgoblin is nearby!
You closely miss the hobgoblin.
A hobgoblin is nearby!
You hit the hobgoblin but do no damage.
The hobgoblin is poisoned.
The hobgoblin hits you.
A hobgoblin is nearby!
You hit the hobgoblin.
The hobgoblin is almost dead.
A hobgoblin is nearby!
You hit the hobgoblin.
You kill the hobgoblin!
You now have 450 gold pieces (gained 7).
You open the door.
There is an open door here.
There is an open door here.
d - 14 rations (gained 1) HP restored.
Found a short sword.
No target in view!
You open the door.
The walls suddenly crumble! 5 dream sheep come into view.
A dream sheep catches fire!
The dream sheep bleats in terror.
A dream sheep catches fire!
The dream sheep bleats in terror.
A dream sheep catches fire!
The dream sheep bleats in terror.
A dream sheep catches fire!
The dream sheep bleats in terror.
A dream sheep catches fire!
The dream sheep is struck with panic!
You hear mad divine giggling.
Found a shimmering altar of Xom.
The dream sheep burns! x5
There are monsters nearby!
You strike the helpless dream sheep from behind!
You impale the dream sheep!!
The dream sheep explodes!
The fiery explosion engulfs the dream sheep.
The dream sheep explodes!
The fiery explosion engulfs the dream sheep.
The dream sheep explodes!
The fiery explosion engulfs the dream sheep.
The dream sheep explodes!
The fiery explosion engulfs the dream sheep.
The dream sheep explodes!
The fiery explosion engulfs you!
Ouch! That really hurt!
You die...
Your body crumbles into a pile of gold.

###.........#
...........'.........'
#.........##.........#
#.........# #.......##
#..§.§§...# ##.....##
#..§§§§§..# ##...##
#.#..§§§§§..# ##'##
#.$..§§§§§..# #.#
#....@§§..# #.#
#.........# ##.##
#.........# ##...####
#.##.###.$# #........
# ...###.######...###.
###.).......##..#....
#########.##..#.##.
#.......##.
####..####.


There were no monsters in sight!

Vanquished Creatures
  The ghost of Tovarisch the Cleaver, a novice FoAK of Lugonu (D:7)
  Pikel (D:5)
  3 hungry ghosts (D:7)
  Duvessa (D:7)
  A water moccasin (D:7)
  3 orc warriors (D:6)
  A black bear (D:7)
  4 slaves
  2 sky beasts
  2 ogres
  2 centaurs (D:7)
  3 bullfrogs
  A scorpion (D:8)
  Dowan (D:7)
  2 crimson imps
  6 orc priests
  3 hounds (D:6)
  2 iguanas
  2 bullfrog skeletons (D:5)
  A centaur skeleton (D:4)
  5 orc wizards
  2 worker ants
  A hound skeleton (D:8)
  3 gnolls (D:6)
  9 adders
  A shadow imp (D:8)
  2 oozes
  2 dart slugs
  5 leopard geckos
  21 orcs
  3 giant cockroaches
  3 goblins
  4 hobgoblins
  6 jackals
  3 quokkas
  6 bats
  2 frilled lizards
  A jackal skeleton (D:5)
  7 kobolds
  A leopard gecko zombie (D:6)
  A quokka zombie (D:6)
  8 rats
138 creatures vanquished.

Vanquished Creatures (collateral kills)
  2 ogres (D:7)
  An orc (D:7)
3 creatures vanquished.

Vanquished Creatures (others)
  2 dream sheep (D:3)
2 creatures vanquished.

Grand Total: 143 creatures vanquished

Notes
Turn   | Place    | Note
-------+----------+-------------------------------------------
     0 | D:1      | Amnesiac the Spriggan Enchanter began the quest for the
                  | Orb.
     0 | D:1      | Reached XP level 1. HP: 9/9 MP: 5/5
    53 | D:1      | Reached XP level 2. HP: 13/13 MP: 6/6
   171 | D:2      | Learned a level 2 spell: Ensorcelled Hibernation
   192 | D:2      | Found a hide-covered altar of Uskayaw.
   193 | D:2      | Found a sparkling altar of Nemelex Xobeh.
   195 | D:2      | Found a shattered altar of Ashenzari.
   197 | D:2      | Found a hazy altar of Hepliaklqana.
   197 | D:2      | Found an iron altar of Okawaru.
   217 | D:2      | Found a stormy altar of Qazlal.
   236 | D:2      | You fall through a shaft!
   507 | D:3      | Found a bloodstained altar of Trog.
   732 | D:3      | Reached XP level 3. HP: 13/16 MP: 0/8
  1100 | D:4      | Noticed an ogre
  1113 | D:4      | Learned a level 3 spell: Confuse
  1126 | D:4      | Reached XP level 4. HP: 21/21 MP: 6/9
  1176 | D:4      | Killed an ogre
  1176 | D:4      | Reached skill level 5 in Short Blades
  1176 | D:4      | Reached skill level 5 in Stealth
  1176 | D:4      | Reached XP level 5. HP: 24/24 MP: 1/10
  1197 | D:4      | Found Jelygg's Book Shop.
  1232 | D:4      | Found a blossoming altar of Fedhas.
  1245 | D:5      | Entered Level 5 of the Dungeon
  1263 | D:5      | Noticed a slave
  1263 | D:5      | Noticed Pikel
  1263 | D:5      | Noticed a slave
  1347 | D:4      | Killed a slave
  1723 | D:5      | Noticed a sky beast
  1729 | D:5      | Killed a sky beast
  1729 | D:5      | Reached XP level 6. HP: 28/28 MP: 8/12
  1968 | D:5      | Noticed a slave
  1969 | D:5      | Noticed a slave
  1989 | D:5      | Learned a level 3 spell: Tukima's Dance
  1994 | D:5      | Killed a slave
  2030 | D:5      | Killed a slave
  2074 | D:4      | Killed a slave
  2180 | D:5      | Found an ancient bone altar of Kikubaaqudgha.
  2189 | D:5      | Killed Pikel
  2189 | D:5      | Reached XP level 7. HP: 32/32 MP: 5/13
  2276 | D:6      | Found a glowing silver altar of Zin.
  2991 | D:6      | Reached skill level 5 in Spellcasting
  2991 | D:6      | Reached XP level 8. HP: 36/36 MP: 9/16
  3364 | D:6      | Found an ornate altar of the Wu Jian Council.
  3477 | D:6      | Found a glowing silver altar of Zin.
  3642 | D:6      | Found an ornate altar of the Wu Jian Council.
  3786 | D:7      | Reached skill level 1 in Fighting
  4227 | D:7      | Found a runed door.
  4326 | D:7      | Reached skill level 5 in Hexes
  4368 | D:7      | Found a staircase to the Ecumenical Temple.
  4393 | D:7      | Noticed Dowan
  4395 | D:7      | Noticed Duvessa
  4398 | D:7      | Killed Dowan
  4417 | D:7      | Killed Duvessa
  4417 | D:7      | Reached XP level 9. HP: 39/42 MP: 20/22
  4486 | D:7      | Learned a level 3 spell: Dazzling Spray
  4642 | D:7      | Found a shattered altar of Ashenzari.
  4938 | D:7      | Reached skill level 5 in Dodging
  5192 | D:7      | Noticed Tovarisch's ghost (novice FoAK)
  5250 | D:7      | Killed Tovarisch's ghost
  5772 | Temple   | Entered the Ecumenical Temple
  5825 | Temple   | Became a worshipper of Gozag Ym Sagoz the Greedy
  5992 | D:2      | Found a faded altar of an unknown god.
  7127 | D:3      | Found a transporter.
  7131 | D:3      | Noticed iamserjio's ghost (weakling DrWn)
  7228 | D:3      | Found a shimmering altar of Xom.
  7230 | D:3      | Killed from afar by a dream sheep

Vault maps used:
D:1:      dpeg_arrival_yet_another_circle, minivault_23, minmay_ruptured
D:2:      grunt_temple_overflow_open, grunt_qazlal_sundering, first_ration,
          chequers_ecumenical_altar_simple
D:3:      kb_xom_exploding_sheep, lightli_temple_of_fire,
          gammafunk_ghost_stat_death
D:4:      kennysheep_mini_moat, grunt_dithmenos_shadows, serial_shops,
          nicolae_shop_statue_plus, uniq_edmund, uniq_crazy_yiuf_cottage
D:5:      kiku_gazebo_pond_becter, uniq_pikel
D:6:      marbit_many_paths, lemuel_statue_altar
D:7:      temple_doors_ab, ebering_ghost_reflecting_pool, grunt_ogre_cave,
          minmay_ruined_shrine, uniq_duvessa
D:8:      serial_shops, shop
Temple:   jpeg_temple_alley_garden

Skill      XL: |  1  2  3  4  5  6  7  8  9 |
---------------+----------------------------+-----
Short Blades   | 2 3 4 5 7 8 |  8.3
Stealth        | 5 7 8 |  8.3
Hexes          | 4 6 8 |  8.3
Spellcasting   | 3 5 8 |  8.0
Fighting       | 2 3 |  3.6
Dodging        | 8 |  8.0

Action                   |  1- 3 |  4- 6 |  7- 9 || total
-------------------------+-------+-------+-------++-------
Melee: Dagger            |    75 |    67 |   287 ||   429
 Cast: Ensorcelled Hiber |    13 |    20 |    75 ||   108
       Confuse           |     1 |     5 |    18 ||    24
       Tukima's Dance    |       |     1 |     2 ||     3
       Dazzling Spray    |       |       |     5 ||     5
Evoke: Wand              |       |       |     9 ||     9
  Use: Scroll            |     2 |     4 |     2 ||     8
       Potion            |       |       |     1 ||     1
 Stab: Sleeping          |    13 |     9 |    55 ||    77
       Confused          |     1 |     2 |    11 ||    14
       Distracted        |       |       |     1 ||     1
       Fleeing           |       |       |     1 ||     1
  Eat: Ration            |       |     3 |     3 ||     6
Armor: Robe              |     5 |     5 |    21 ||    31
Dodge: Dodged            |    47 |    45 |   126 ||   218

Table legend:
 A = Non-vault XP
 B = Vault XP
 C = Vault XP percentage of total XP
 D = Non-vault monster count
 E = Vault monster count
 F = Vault count percentage of total count
                 A         B        C        D         E       F
            +---------+---------+-------+---------+---------+-------
      Total |    3245 |    2184 |  40.2 |     127 |      10 |   7.3
            +---------+---------+-------+---------+---------+-------
        D:1 |      40 |       2 |   4.8 |      22 |       1 |   4.3
        D:2 |      13 |       0 |   0.0 |       6 |       0 |   0.0
        D:3 |     137 |       0 |   0.0 |      24 |       0 |   0.0
        D:4 |     166 |       0 |   0.0 |       3 |       0 |   0.0
        D:5 |     266 |     617 |  69.9 |       8 |       1 |  11.1
        D:6 |     887 |     132 |  13.0 |      32 |       1 |   3.0
        D:7 |    1499 |    1433 |  48.9 |      25 |       7 |  21.9
        D:8 |     237 |       0 |   0.0 |       7 |       0 |   0.0
            +---------+---------+-------+---------+---------+-------
